AoeStats
← Hitokirivan

Lombardia

508438901Analyzed
3v3 RM · 11d ago on Sep 22, 2026· 16m 1s· 6 players
Game mode
Random Map
Map size
Normal (6 player)
Population
200
Speed
Normal
Resources
Standard
Victory
Conquest
Starting age
Dark Age
Ending age
Imperial Age
RankedLock teamsTeams togetherTeam positionsShared explorationLock speedFull tech treeHidden civsTurbo modeCheats
Victory
Defeat
🇵🇪 Aztecs · Peru
1026
+15
🇵🇪 Huns · Peru
1008
+16
🇹🇼 Magyars · Taiwan
989
+17
🇭🇰 Berbers · Hong Kong SAR China
1086
-19
🇭🇰 Bulgarians · Hong Kong SAR China
982
-15
🇪🇸 Magyars · Spain
963
-14
marshall_o18
1:27 Loom
11:33 Feudal Age
先打我隊友
8:29 Loom
10:27 Feudal Age
11:17 Double-Bit Axe
12:03 Horse Collar
Hitokirivan
8:55 Loom
12:38 Feudal Age
13:43 Double-Bit Axe
yandros05
11:47 Feudal Age
10:03 Loom
cpluk3
8:02 Loom
10:52 Feudal Age
14:38 Town Watch
17:20 Castle Age
ray
11:23 Feudal Age
Connection lost

Rejoining the realm…

Still unreachable

The connection could not be restored.

Session expired

The server has moved on; the page needs a fresh start.